AoeStats
← 公鸡神探

Black Forest

507046752Analyzed
4v4 RM · 16d ago on Sep 16, 2026· 49m 14s· 8 players
Game mode
Random Map
Map size
Large (8 player)
Population
200
Speed
Normal
Resources
Standard
Victory
Conquest
Starting age
Dark Age
Ending age
Imperial Age
RankedLock teamsTeams togetherTeam positionsShared explorationLock speedFull tech treeHidden civsTurbo modeCheats
Victory
Defeat
🇨🇳 Sicilians · China
1241
+14
🇨🇳 Tatars · China
1225
+15
🇦🇹 Mongols · Austria
1161
+17
1109
+20
🇩🇪 Turks · Germany
1207
-17
🇨🇳 Persians · China
1183
-16
🇨🇳 Shu · China
1027
-10
公鸡神探
10:53 Feudal Age
14:23 Castle Age
13:09 Double-Bit Axe
18:17 Horse Collar
23:49 Bow Saw
29:41 Imperial Age
28:45 Bloodlines
28:35 Husbandry
28:30 Fletching
28:41 Padded Archer Armor
29:31 Heavy Plow
29:24 Gold Mining
29:25 Stone Mining
30:19 Bodkin Arrow
30:40 Leather Archer Armor
30:52 Ballistics
30:57 Heavy Cavalry Archer
33:59 Chemistry
34:30 Bracer
34:36 Fishing Lines
35:35 Capped Ram
36:40 Conscription
36:32 Timurid Siegecraft
36:07 Light Cavalry
37:51 Town Watch
38:35 Hussar
40:38 Wheelbarrow
40:04 Town Patrol
39:50 Loom
40:29 Silk Armor
43:14 Ring Archer Armor
Mateescu12
11:03 Feudal Age
12:56 Double-Bit Axe
15:24 Castle Age
13:11 Horse Collar
16:25 Wheelbarrow
17:10 Bow Saw
17:37 Heavy Plow
17:40 Loom
20:26 Gold Mining
20:27 Stone Mining
26:35 Fortified Wall
27:16 Stone Shaft Mining
27:27 Gold Shaft Mining
26:48 Town Watch
28:48 Fletching
31:52 Imperial Age
29:37 Bodkin Arrow
29:43 Padded Archer Armor
30:15 Nomads
30:44 Hand Cart
30:58 Town Patrol
31:27 Ballistics
31:29 Leather Archer Armor
32:00 Bloodlines
31:50 Husbandry
32:04 Thumb Ring
32:37 Caravan
33:54 Chemistry
33:06 Siege Engineers
33:26 Conscription
33:28 Drill
34:34 Hoardings
34:08 Bracer
34:38 Parthian Tactics
33:55 Elite Mangudai
35:33 Capped Ram
35:34 Onager
36:43 Siege Ram
40:30 Siege Onager
无甲的joe
1:08 Loom
9:34 Feudal Age
27:19 Castle Age
25:21 Double-Bit Axe
25:33 Horse Collar
29:41 Heavy Plow
29:53 Bow Saw
30:39 Fletching
36:59 Stone Mining
37:13 Pikeman
41:34 Imperial Age
39:39 Wheelbarrow
39:52 Gold Mining
39:59 Town Watch
40:58 Stone Shaft Mining
40:29 Scale Mail Armor
40:39 Forging
42:34 First Crusade
41:58 Elite Serjeant
43:25 Crop Rotation
43:13 Chain Mail Armor
43:33 Iron Casting
43:37 Hand Cart
44:14 Halberdier
46:04 Plate Mail Armor
46:10 Iron Casting
46:19 Squires
46:05 Arson
翻斗花园突破手绫小路
12:38 Feudal Age
17:00 Castle Age
15:22 Double-Bit Axe
15:19 Horse Collar
20:53 Stone Mining
20:55 Gold Mining
24:08 Gold Shaft Mining
25:59 Scale Barding Armor
25:55 Scale Mail Armor
25:53 Fletching
26:04 Padded Archer Armor
29:08 Pikeman
30:41 Thumb Ring
33:12 Imperial Age
31:30 Heavy Plow
31:43 Bow Saw
32:47 Leather Archer Armor
32:48 Chain Mail Armor
32:28 Bodkin Arrow
34:03 Wheelbarrow
33:14 Loom
33:15 Town Watch
34:42 Ring Archer Armor
35:35 Parthian Tactics
35:34 Conscription
36:34 Two-Man Saw
36:05 Crop Rotation
35:54 Hand Cart
36:24 Heavy Cavalry Archer
37:07 Recurve Bow
37:17 Bracer
38:03 Ballistics
38:47 Chemistry
37:24 Halberdier
47:59 Bloodlines
47:51 Husbandry
47:14 Light Cavalry
48:51 Hussar
臣等正欲死战,陛下何故先降耶?
11:36 Feudal Age
12:07 Double-Bit Axe
15:56 Loom
19:12 Castle Age
17:53 Horse Collar
20:49 Bow Saw
22:18 Fishing Lines
22:45 Stone Mining
22:58 Heavy Plow
24:12 Stone Shaft Mining
23:46 Scale Barding Armor
23:43 Gold Mining
24:56 Szlachta Privileges
30:43 Imperial Age
29:05 Wheelbarrow
30:07 Bloodlines
29:57 Husbandry
30:39 Chain Barding Armor
30:29 Forging
30:55 Cavalier
33:36 Conscription
35:40 Iron Casting
35:33 Hand Cart
47:31 Blast Furnace
_TY_品味
12:10 Feudal Age
13:21 Double-Bit Axe
18:26 Castle Age
18:32 Double-Bit Axe
18:31 Horse Collar
22:15 Bow Saw
22:11 Heavy Plow
25:21 Gold Mining
27:29 Gold Shaft Mining
27:53 Wheelbarrow
28:35 Scale Barding Armor
30:43 Hand Cart
31:01 Husbandry
31:24 Chain Barding Armor
33:44 Imperial Age
31:39 Ballistics
31:17 Town Watch
31:18 Loom
34:05 Town Patrol
35:46 Chemistry
34:44 Murder Holes
36:18 Plate Barding Armor
35:44 Scale Mail Armor
35:56 Forging
36:08 Gambesons
35:44 Pikeman
36:24 Squires
36:10 Arson
36:51 Halberdier
37:38 Padded Archer Armor
37:54 Chain Mail Armor
39:12 Padded Archer Armor
39:03 Fletching
40:03 Plate Mail Armor
40:59 Bolt Magazine
41:23 Conscription
41:42 Elite Skirmisher
45:49 Leather Archer Armor
47:01 Ring Archer Armor
48:11 Bodkin Arrow
49:20 Bracer
[Pimp] ♛ Lucian
1:09 Loom
11:39 Feudal Age
14:02 Man-at-Arms
15:22 Horse Collar
17:17 Scale Mail Armor
17:27 Forging
20:04 Double-Bit Axe
28:27 Castle Age
27:18 Fletching
30:36 Bodkin Arrow
39:18 Wheelbarrow
39:26 Wheelbarrow
39:42 Heavy Plow
40:35 Fishing Lines
41:20 Bow Saw
43:46 Stone Mining
43:46 Gold Mining
47:02 Hand Cart
47:31 Gold Shaft Mining
47:39 Gold Shaft Mining
子薄
4:10 Loom
11:24 Feudal Age
15:38 Castle Age
13:39 Double-Bit Axe
13:51 Gold Mining
13:57 Gold Mining
13:59 Horse Collar
18:13 Bow Saw
26:58 Gold Shaft Mining
27:25 Heavy Plow
28:36 Stone Mining
29:30 Wheelbarrow
30:33 Hand Cart
31:43 Stone Shaft Mining
33:44 Scale Barding Armor
37:16 Imperial Age
36:03 Chain Barding Armor
35:54 Forging
37:22 Padded Archer Armor
37:19 Elite War Elephant
38:23 Conscription
39:49 Two-Man Saw
39:29 Crop Rotation
40:20 Plate Barding Armor
40:21 Iron Casting
Connection lost

Rejoining the realm…

Still unreachable

The connection could not be restored.

Session expired

The server has moved on; the page needs a fresh start.